 Dungeon Crawl Stone Soup version 0.30-a0-367-g839099abd5 (webtiles) character file.

Game seed: 12104691309415522849

2944 Elric the Destroyer (level 9, 0/62 HPs)
             Began as an Octopode Conjurer on Nov 18, 2022.
             Was an Initiate of Vehumet.
             Slain by Duvessa
             ... wielding a +0 short sword
              (13 damage)
             ... on level 6 of the Dungeon.
             The game lasted 00:22:19 (9204 turns).

Elric the Destroyer (Octopode Conjurer)             Turns: 9204, Time: 00:22:19

Health: 0/62       AC:  5    Str:  6    XL:     9   Next: 80%
Magic:  0/15       EV: 13    Int: 24    God:    Vehumet [......]
Gold:   313        SH:  8    Dex: 11    Spells: 6/16 levels left

rFire   . . .      SeeInvis .    p - staff of earth
rCold   . . .      Faith    .    (no shield)
rNeg    + . .      Spirit   +    (helmet restricted)
rPois   +          Reflect  .    C - brooch of Shielding {Spirit SH+8}
rElec   .          Harm     .    f - +4 ring of protection
rCorr   .          Rampage  .    q - ring of poison resistance
Will    .....                    y - ring of positive energy
Stlth   +++.......               (no ring)
HPRegen 0.30/turn                (no ring)
MPRegen 0.14/turn                (no ring)
                                 (no ring)
                                 (no ring)

@: no status effects
A: almost no armour, amphibious, 8 rings, camouflage 1, gelatinous body 1,
(nimble swimmer 1), tentacles
a: Renounce Religion


You were on level 6 of the Dungeon.
You worshipped Vehumet.
Vehumet was noncommittal.
You visited 1 branch of the dungeon, and saw 7 of its levels.

You collected 313 gold pieces.

Inventory:

Missiles
 B - a throwing net
Magical Staves
 p - a staff of earth (weapon)
Jewellery
 c - an amulet of reflection
 f - a +4 ring of protection (left tentacle)
 q - a ring of poison resistance (right tentacle)
 y - a ring of positive energy (on tentacle)
 C - the brooch of Shielding (around mantle) {Spirit SH+8}
   (You found it on level 5 of the Dungeon)

   [amulet of guardian spirit]

   It causes incoming damage to be divided between your reserves of health and
   magic.
   SH:        It affects your SH (+8).
Wands
 l - a wand of mindburst (7)
 m - a wand of light (10)
 v - a wand of charming (4)
 F - a wand of digging (3)
Scrolls
 b - 2 scrolls of magic mapping {unknown}
 d - 6 scrolls of identify {unknown}
 e - 2 scrolls of brand weapon {unknown}
 h - 4 scrolls of teleportation {unknown}
 i - 2 scrolls of immolation {unknown}
 j - 2 scrolls of poison {unknown}
 n - 2 scrolls of enchant weapon {unknown}
 o - 2 scrolls of noise {unknown}
 r - a scroll of torment {unknown}
 u - 2 scrolls of blinking {unknown}
 w - 3 scrolls of fear {unknown}
 x - a scroll of amnesia {unknown}
 A - a scroll of fog {unknown}
 E - a scroll of enchant armour {unknown}
Potions
 a - a potion of magic
 g - 3 potions of ambrosia {unknown}
 k - a potion of cancellation {unknown}
 s - a potion of degeneration {unknown}
 t - 2 potions of curing
 z - 2 potions of lignification {unknown}
 D - a potion of mutation {unknown}


   Skills:
 + Level 5.7 Fighting
 - Level 2.0 Dodging
 - Level 2.6 Stealth
 - Level 4.2 Spellcasting
 + Level 8.3 Conjurations
 * Level 8.3 Hexes


You had 6 spell levels left.
You knew the following spells:

 Your Spells              Type           Power      Damage    Failure   Level
a - Magic Dart            Conj           100%       1d8       1%          1
b - Searing Ray           Conj           90%        2d7       1%          2
c - Fulminant Prism       Conj/Hex       22%        3d12      3%          4
d - Dazzling Flash        Conj/Hex       90%        N/A       1%          3

Your spell library contained the following spells:

 Spells                   Type           Power      Damage    Failure   Level
 Ensorcelled Hibernation  Hex/Ice        50%        N/A       2%          2
 Portal Projectile        Hex/Tloc       50%        N/A       5%          3
 Summon Guardian Golem    Hex/Summ       25%        N/A       5%          3
 Summon Small Mammal      Summ           20%        N/A       10%         1
 Sublimation of Blood     Necr           5%         N/A       14%         2
 Wereblood                Tmut           5%         N/A       14%         2
 Anguish                  Hex/Necr       12%        N/A       17%         4
 Iskenderun's Mystic Bla  Conj/Tloc      25%        2d7       17%         4
 Leda's Liquefaction      Hex/Erth       18%        N/A       17%         4
 Call Canine Familiar     Summ           5%         N/A       28%         3
 Spider Form              Tmut/Pois      5%         N/A       28%         3
 Enfeeble                 Hex            22%        N/A       95%         7
 Summon Hydra             Summ           2%         N/A       100%        7


Dungeon Overview and Level Annotations

Branches:
Dungeon (7/15)
 Temple: D:4-7

Altars:
Dithmenos
Makhleb
Uskayaw
Vehumet

Shops:
D:2 (

Annotations:
D:4 1 runed translucent door, Crazy Yiuf
D:6 Duvessa


Innate Abilities, Weirdness & Mutations

You cannot wear most types of armour.
You are amphibious.
You can wear up to eight rings at the same time.
Your skin changes colour to match your surroundings (Stealth+).
Your rubbery body absorbs attacks. (AC +1, EV +1)
((You are camouflaged when in or above water. (Stealth+)))
You have tentacles for arms and can constrict up to eight enemies at once.


Message History

Confirm with . or Enter, or press ? or * to list all spells.
Aiming: Searing Ray (safe; 1% risk of failure)
Press: ? - help, Shift-Dir - straight line, f/p - Duvessa
Aim: Duvessa, wielding a +0 short sword and wearing a +0 leather armour (heavily wounded, berserk, 84% to hit)
The searing ray hits Duvessa.
Duvessa is heavily wounded. (Press . to maintain the ray.) Duvessa hits you with a +0 short sword.
Duvessa misses you.
The searing ray hits Duvessa!
Duvessa is severely wounded.
Duvessa hits you with a +0 short sword.
The searing ray hits Duvessa but does no damage.
Duvessa is severely wounded.
Duvessa hits you with a +0 short sword. You block Duvessa's attack.
Casting: Searing Ray (safe; 1% risk of failure)
Confirm with . or Enter, or press ? or * to list all spells.
Restarting spell: Searing Ray (safe; 1% risk of failure)
Press: ? - help, Shift-Dir - straight line, f/p - Duvessa
Aim: Duvessa, wielding a +0 short sword and wearing a +0 leather armour (severely wounded, berserk, 84% to hit)
The searing ray hits Duvessa!
Duvessa is severely wounded. (Press . to maintain the ray.) Duvessa hits you with a +0 short sword!
Without enough magic to sustain it, your searing ray dissipates.
You block Duvessa's attack. Duvessa closely misses you.
You closely miss Duvessa. You grab Duvessa.
You squeeze Duvessa, but do no damage.
Duvessa is severely wounded.
You constrict Duvessa. Duvessa hits you with a +0 short sword!
You hit Duvessa but do no damage.
You tentacle-slap Duvessa, but do no damage.
Duvessa is severely wounded.
You constrict Duvessa. Duvessa barely misses you.
Duvessa hits you with a +0 short sword!
* * * LOW HITPOINT WARNING * * *
You hit Duvessa but do no damage. You squeeze Duvessa.
Duvessa is almost dead.
You constrict Duvessa, but do no damage.
Duvessa hits you with a +0 short sword!
You die...

#.########.## #.# #...#
##.######.###
#.........# #..#...[###
########.......#
#......#...#...#
#......#.......###
................@#
#..........#...e.######
#......##..#...#......#
#......#.......#.####.#
...#'#.####..###.# #.#
####.#.......# #.# #.#
###..##......# #.####.#
.#...........###.#....#
......#####......#.####


You could see Duvessa (berserk).

Vanquished Creatures
  Pikel (D:6)
  Grinder (D:5)
  Menkaure (D:4)
  4 sky beasts
  A black bear (D:4)
  4 ogres
  4 lemures (D:6)
  A phantom (D:5)
  A kobold brigand (D:7)
  A necrophage (D:5)
  A scorpion (D:5)
  8 wights
  Dowan (D:7)
  A howler monkey (D:5)
  A jelly (D:6)
  2 orc priests
  3 hounds
  4 iguanas
  Ijyb (D:3)
  2 orc wizards
  Robin (D:3)
  11 adders
  A shadow imp (D:6)
  A white imp (D:6)
  A worm (D:2)
  A dart slug (D:1)
  17 orcs
  8 endoplasms
  3 giant cockroaches
  20 goblins
  12 hobgoblins
  4 jackals (D:2)
  7 quokkas
  2 ball pythons
  7 bats
  4 frilled lizards
  12 kobolds
  7 rats
162 creatures vanquished.

Vanquished Creatures (others)
  29 fulminant prisms
29 creatures vanquished.

Grand Total: 191 creatures vanquished

Notes
Turn   | Place    | Note
-------+----------+-------------------------------------------
     0 | D:1      | Elric the Octopode Conjurer began the quest for the Orb.
     0 | D:1      | Reached XP level 1. HP: 11/11 MP: 3/3
   336 | D:1      | Reached XP level 2. HP: 17/17 MP: 0/5
   432 | D:1      | Found a faded altar of an unknown god.
   767 | D:1      | Reached XP level 3. HP: 20/21 MP: 0/6
  1745 | D:2      | Reached XP level 4. HP: 27/27 MP: 3/8
  1865 | D:2      | Reached skill level 5 in Conjurations
  2051 | D:2      | Found Bodidipt's Antique Weapon Shoppe.
  2301 | D:2      | Reached XP level 5. HP: 31/31 MP: 7/10
  2370 | D:2      | Learned a level 2 spell: Searing Ray
  2375 | D:2      | Learned a level 4 spell: Fulminant Prism
  2414 | D:3      | Noticed Ijyb
  2429 | D:3      | Killed Ijyb
  2564 | D:3      | Noticed Robin
  2576 | D:3      | Killed Robin
  3599 | D:3      | Reached XP level 6. HP: 25/36 MP: 2/12
  3942 | D:4      | Reached skill level 1 in Hexes
  4013 | D:4      | Noticed a sky beast
  4021 | D:4      | Killed a sky beast
  4022 | D:4      | Reached skill level 1 in Fighting
  4181 | D:4      | Noticed a black bear
  4408 | D:4      | Reached XP level 7. HP: 43/43 MP: 9/13
  4456 | D:4      | Noticed Menkaure
  4465 | D:4      | Killed Menkaure
  4772 | D:4      | Found a runed translucent door.
  4773 | D:4      | Noticed Crazy Yiuf
  5196 | D:5      | Entered Level 5 of the Dungeon
  5544 | D:5      | Reached XP level 8. HP: 34/52 MP: 2/14
  5687 | D:5      | Noticed Grinder
  5690 | D:5      | Paralysed by Grinder for 3 turns
  5765 | D:5      | Paralysed by Grinder for 2 turns
  5772 | D:5      | Killed Grinder
  5773 | D:5      | Reached skill level 5 in Hexes
  5828 | D:5      | Learned a level 3 spell: Dazzling Flash
  6215 | D:5      | Found a shadowy altar of Dithmenos.
  6666 | D:5      | Found the brooch of Shielding {Spirit SH+8}
  7059 | D:6      | Noticed Pikel
  7300 | D:6      | Reached XP level 9. HP: 44/59 MP: 9/15
  7358 | D:6      | Found a burning altar of Makhleb.
  7759 | D:6      | Killed Pikel
  7760 | D:6      | Reached skill level 5 in Fighting
  7948 | D:6      | Found a radiant altar of Vehumet.
  7976 | D:6      | Became a worshipper of Vehumet
  8026 | D:6      | Found a hide-covered altar of Uskayaw.
  8878 | D:7      | Noticed Duvessa
  9035 | D:7      | Noticed Dowan
  9041 | D:7      | Killed Dowan
  9204 | D:6      | Slain by Duvessa

Illustrated notes

Levels and vault maps discovered:
D:1:      matt_arrival_spirals, layout_basic,
          hellmonk_ecumenical_altar_arch_garden
D:2:      layout_basic, serial_shops, nicolae_shop_crystal
D:3:      layout_rooms, corner_web_ring, minmay_puff, uniq_robin, uniq_ijyb
D:4:      layout_basic, wad_floor_pattern_1, uniq_menkaure,
          uniq_crazy_yiuf_cottage
D:5:      layout_gridville, grunt_dithmenos_smoke_and_mirrors, uniq_grinder
D:6:      layout_basic, mainiacjoe_overflow_swirl,
          mainiacjoe_overflow_surrounded_room, uniq_pikel
D:7:      layout_layer_cave, mainiacjoe_overflow_catwalk,
          minmay_temple_entry_statues, roderic_three_in_a_row, uniq_duvessa

Skill      XL: |  1  2  3  4  5  6  7  8  9 |
---------------+----------------------------+-----
Spellcasting   | 3 4 |  4.2
Conjurations   | 5 6 7 8 |  8.3
Hexes          | 2 4 6 8 |  8.3
Fighting       | 1 3 4 5 |  5.7
Dodging        | |  2.0
Stealth        | |  2.6

Action                   |  1- 3 |  4- 6 |  7- 9 || total
-------------------------+-------+-------+-------++-------
Melee: Unarmed           |    15 |     6 |       ||    21
       Constrict         |     5 |     1 |     3 ||     9
       Tentacles         |     3 |     2 |     5 ||    10
       Staff             |       |     3 |    13 ||    16
       Punch             |       |       |     2 ||     2
 Cast: Magic Dart        |    83 |   109 |    89 ||   281
       Searing Ray       |       |    15 |    30 ||    45
       Fulminant Prism   |       |       |    29 ||    29
Armor: Skin              |       |     6 |    14 ||    20
Dodge: Dodged            |    15 |    12 |    37 ||    64
Block: Other             |     4 |     3 |    21 ||    28
       Reflection        |       |       |     1 ||     1

Table legend: (Time is in decaauts)
 A = Elapsed time spent in this place.
 B = Non-inter-level travel time spent in this place.
 C = Inter-level travel time spent in this place.
 D = Time resting spent in this place.
 E = Time spent auto-exploring this place.
 F = Levels seen in this place.
 G = Mean time per level.
                   A        B        C        D        E       F      G
               +--------+--------+--------+--------+--------+-----+--------+
         Total |   9221 |   8579 |    642 |   2022 |   5469 |   7 | 1317.3 |
       Dungeon |   9221 |   8579 |    642 |   2022 |   5469 |   7 | 1317.3 |
               +--------+--------+--------+--------+--------+-----+--------+

Top non-repeatable levels by time:
     D:6: 2128 daAuts
     D:5: 1607 daAuts
     D:4: 1565 daAuts
     D:3: 1475 daAuts
     D:1: 1406 daAuts
     D:2: 979 daAuts
     D:7: 57 daAuts
